 Dungeon Crawl Stone Soup version 0.18.1-8-gdd0e5ea (webtiles) character file.

26 mindo the Charmwright (level 2, -1/19 HPs)
             Began as a High Elf Skald on June 9, 2016.
             Slain by a hobgoblin (4 damage)
             ... on level 2 of the Dungeon.
             The game lasted 00:07:40 (1345 turns).

mindo the Charmwright (High Elf Skald)              Turns: 1345, Time: 00:07:40

Health: -1/19      AC: 10    Str: 11    XL:     2   Next: 89%
Magic:  6/6        EV:  2    Int: 15    God:
Gold:   66         SH:  0    Dex: 14    Spells: 1 memorised, 4 levels left

rFire  . . .     SeeInvis .     a - +0 falchion
rCold  . . .     Gourm    .     h - +0 plate armour
rNeg   . . .     Faith    .     (no shield)
rPois  .         Spirit   .     (no helmet)
rElec  .         Dismiss  .     (no cloak)
rCorr  .         Reflect  .     (no gloves)
SustAt .         Harm     .     (no boots)
MR     .....                    (no amulet)
Stlth  ..........               (no ring)
                                (no ring)

@: not resistant to hostile enchantments, extremely unstealthy
A: no striking features
a: no special abilities


You were on level 2 of the Dungeon.
You were hungry.

You visited 1 branch of the dungeon, and saw 2 of its levels.

You collected 66 gold pieces.

Inventory:

Hand Weapons
 a - a +0 falchion (weapon)
Armour
 b - a +0 leather armour
 h - a +0 plate armour (worn)
 k - a +0 chain mail
 p - a +0 leather armour
Wands
 o - a wand of paralysis (13/24)
Scrolls
 f - a scroll of remove curse {unknown}
 g - 2 scrolls of identify {unknown}
 i - a scroll of magic mapping {unknown}
 j - a scroll of random uselessness {unknown}
Potions
 e - a potion of resistance {unknown}
 m - a potion of degeneration {unknown}
 n - a potion of curing {unknown}
Books
 c - a book of Battle

   Spells                             Type                      Level
   a - Infusion                       Charms                       1
   b - Shroud of Golubria             Charms/Translocation         2
   c - Song of Slaying                Charms                       2
   d - Spectral Weapon                Hexes/Charms                 3
   e - Regeneration                   Charms/Necromancy            3
Comestibles
 d - 2 bread rations
 l - 2 fruits


   Skills:
 - Level 2.0 Fighting
 * Level 3.1 Long Blades
 - Level 0.8 Armour
 * Level 2.1 Dodging
 + Level 2.4 Spellcasting
 + Level 4.1 Charms


You had 4 spell levels left.
You knew the following spells:

 Your Spells              Type           Power        Failure   Level  Hunger
a - Infusion              Chrm           ##..         100%        1    #......


Dungeon Overview and Level Annotations

Branches:
Dungeon (2/15)

Altars:
Ashenzari
Vehumet


Message History

The rat bites you but does no damage.
Your plate armour prevents you from hitting the hobgoblin.
The hobgoblin hits you but does no damage.
The rat bites you but does no damage.
You hit the hobgoblin but do no damage. The hobgoblin hits you.
* * * LOW HITPOINT WARNING * * *
The rat bites you but does no damage.
You hit the hobgoblin but do no damage. The rat bites you but does no damage.
The hobgoblin hits you but does no damage.
You closely miss the hobgoblin.
The hobgoblin hits you but does no damage.
The rat bites you but does no damage.
You hit the hobgoblin.
The hobgoblin is almost dead.
The rat bites you but does no damage.
The hobgoblin hits you but does no damage.
Your plate armour prevents you from hitting the hobgoblin.
The hobgoblin is almost dead.
The hobgoblin hits you.
You die...

#.#### .# ##....# ..#
#......###.######..#
######( #.##..... ##
###.###..#.#.#...#
...#............#
.#####.#.####.####..#
......r..##..†..## .#
#.=.g@.#.......#..#
#.##...#.......#..#
#.#....._......#
...#.#.......#..#
#####.#.......#..#
#.##.....## .#
#.####.####..#
#......†.....#
#########....#


You could see a hobgoblin and a rat.

Vanquished Creatures
  2 worms (D:2)
  4 bats (D:1)
  A giant cockroach (D:2)
  3 goblins (D:1)
  A hobgoblin (D:1)
  4 jackals (D:1)
  A giant newt (D:1)
  3 rats
19 creatures vanquished.

Notes
Turn   | Place    | Note
--------------------------------------------------------------
     0 | D:1      | mindo the High Elf Skald began the quest for the Orb.
     0 | D:1      | Reached XP level 1. HP: 14/14 MP: 4/4
   413 | D:1      | Reached XP level 2. HP: 15/19 MP: 6/6
   651 | D:1      | Reached skill level 4 in Charms
  1104 | D:2      | Found a shattered altar of Ashenzari.
  1146 | D:2      | Found a radiant altar of Vehumet.
  1345 | D:2      | Slain by a hobgoblin

Skill      XL: |  1  2 |
---------------+-------+-----
Charms         | 4 |  4.1
Dodging        | 2 |  2.1
Long Blades    | 3 |  3.1
Fighting       | |  2.0
Armour         | |  0.8
Spellcasting   | |  2.4

Action                   || total
-------------------------++-------
Melee: Falchion          ||   118
  Eat: Fruit             ||     1
Armor: Plate armour      ||   200
       Leather armour    ||    13
Dodge: Dodged            ||    42
